 Dungeon Crawl Stone Soup version 0.29-a0-923-g6e406bff71 (webtiles) character file.

Game seed: 10782396224136276220

14 Spectrina the Magician (level 2, -2/21 HPs)
             Began as a Djinni Venom Mage on July 27, 2022.
             Slain by Jessica
             ... wielding a +0 dagger
              (5 damage)
             ... on level 2 of the Dungeon.
             The game lasted 00:02:44 (317 turns).

Spectrina the Magician (Djinni Venom Mage)           Turns: 317, Time: 00:02:44

Health: -2/21      AC:  3    Str:  7    XL:     2   Next: 55%
Gold:   0          EV: 12    Int: 16    God:
                   SH:  0    Dex: 13

rFire   + + .      SeeInvis .   (no weapon)
rCold   x . .      Faith    .   (no shield)
rNeg    . . .      Spirit   .   a - +0 robe
rPois   ∞          Reflect  .   (no helmet)
rElec   .          Harm     .   b - +0 cloak
rCorr   .          Rampage  .   (no gloves)
Will    .....                   (boots unavailable)
Stlth   ++........              (no amulet)
HPRegen 0.07/turn               (no ring)
MPRegen 0.00/turn               (no ring)

@: flying
A: sickness immunity, fire resistance 2, cold vulnerability 1, float, innate
caster, HP casting, extra vitality 1
a: no special abilities


You were on level 2 of the Dungeon.
You visited 1 branch of the dungeon, and saw 2 of its levels.

Inventory:

Armour
 a - a +0 robe (worn)
 b - a +0 cloak (worn)
Scrolls
 c - a scroll of teleportation {unknown}
 e - 2 scrolls of amnesia {unknown}
Potions
 d - 2 potions of mutation {unknown}


   Skills:
 - Level 2.1 Dodging
 - Level 1.5 Stealth
 + Level 3.0 Spellcasting


You couldn't memorise any spells.
You knew the following spells:

 Your Spells              Type           Power      Damage    Failure   Level
a - Sting                 Tmut/Pois      48%        1d5       5%          1
b - Poisonous Vapours     Pois/Air       24%        N/A       9%          2
c - Mephitic Cloud        Conj/Pois/Air  12%        N/A       16%         3
d - Olgreb's Toxic Radia  Pois           12%        N/A       47%         4
Your spell library was empty.

Dungeon Overview and Level Annotations

Branches:
Dungeon (2/15)

Altars:

Annotations:
D:2 Jessica


Innate Abilities, Weirdness & Mutations

You are immune to sickness and miasma.
You are immune to poison.
Your flesh is very heat resistant. (rF++)
You are vulnerable to cold. (rC-)
You float through the air rather than walking.
You learn spells naturally, not from books.
Your magical power is your life essence.
You have superior vitality. (+4 MHP)


Message History

The hobgoblin is almost dead.
* * * LOW HITPOINT WARNING * * *
The hobgoblin hits you.
* * * LOW HITPOINT WARNING * * *
Jessica the Apprentice Sorceress comes into view.
She is wielding a +0 dagger.
The hobgoblin attacks as you move away! The hobgoblin barely misses you.
There is an open door here.
You hit the hobgoblin but do no damage.
The hobgoblin is almost dead.
You kill the hobgoblin!
You reach down and close the door.
Jessica breaks down the door.
Jessica is nearby!
Unknown command.
Casting: Sting (safe; 5% risk of failure)
Confirm with . or Enter, or press ? or * to list all spells.
Aiming: Sting (safe; 5% risk of failure)
Press: ? - help, Shift-Dir - straight line, f - Jessica
Aim: Jessica, wielding a +0 dagger and wearing a +0 robe (71% to hit)
The sting misses Jessica.
* * * LOW HITPOINT WARNING * * *
Unknown command.
Casting: Sting (safe; 5% risk of failure)
Confirm with . or Enter, or press ? or * to list all spells.
Aiming: Sting (safe; 5% risk of failure)
Press: ? - help, Shift-Dir - straight line, f/p - Jessica
Aim: Jessica, wielding a +0 dagger and wearing a +0 robe (71% to hit)
The sting hits Jessica.
Jessica is poisoned.
Jessica is lightly wounded.
* * * LOW HITPOINT WARNING * * *
Jessica grins evilly.
Casting: Sting (safe; 5% risk of failure)
Confirm with . or Enter, or press ? or * to list all spells.
Aiming: Sting (safe; 5% risk of failure)
Press: ? - help, Shift-Dir - straight line, f/p - Jessica
Aim: Jessica, wielding a +0 dagger and wearing a +0 robe (lightly wounded, poisoned, 71% to hit)
The sting misses Jessica.
* * * LOW HITPOINT WARNING * * *
Jessica hits you with a +0 dagger.
You die...

#...............#
#.############### #.#
####+# #.#### #....@
#(...# #.....
#....###### #.....
#....##...#
#....)#######
#.#####...#
#####......#
......)...#
#.@@'......#
#.#####...#
#.###......# #.#
#...#####.# ###'####
#.#####...'.#...# .#
#....##...#.#.#######)#
.#
'....######.#.........#
###.# #....#
#....#..######## #....
#....# #)####..#
#.#.### #....# #.#
#..############.#...#


You could see Jessica (poisoned).

Vanquished Creatures
  An endoplasm (D:2)
  A giant cockroach (D:2)
  A goblin (D:2)
  3 hobgoblins (D:2)
  4 ball pythons (D:2)
  3 kobolds (D:2)
13 creatures vanquished.

Notes
Turn   | Place    | Note
-------+----------+-------------------------------------------
     0 | D:1      | Spectrina the Djinni Venom Mage began the quest for the
                  | Orb.
     0 | D:1      | Spectrina set off with the following spells memorised:
                  | Sting, Poisonous Vapours, Mephitic Cloud, Olgreb's Toxic
                  | Radiance.
     0 | D:1      | Reached XP level 1. HP: 15/15 MP: 0/0
   146 | D:2      | Reached XP level 2. HP: 13/21 MP: 0/0
   307 | D:2      | Reached skill level 3 in Spellcasting
   309 | D:2      | Noticed Jessica
   317 | D:2      | Slain by Jessica

Illustrated notes

Levels and vault maps discovered:
D:1:      minmay_arrival_shoal_huts, layout_basic, serial_shops, shop,
          hellmonk_ecumenical_altar_run_dry
D:2:      minmay_chambers_of_twos, layout_basic, minmay_fountain_box,
          uniq_jessica

Skill      XL: |  1  2 |
---------------+-------+-----
Spellcasting   | 3 |  3.0
Dodging        | |  2.1
Stealth        | |  1.5

Action                   || total
-------------------------++-------
Melee: Unarmed           ||     6
 Cast: Sting             ||    27
Armor: Robe              ||     3
Dodge: Dodged            ||    10

Table legend: (Time is in decaauts)
 A = Elapsed time spent in this place.
 B = Non-inter-level travel time spent in this place.
 C = Inter-level travel time spent in this place.
 D = Time resting spent in this place.
 E = Time spent auto-exploring this place.
 F = Levels seen in this place.
 G = Mean time per level.
                   A        B        C        D        E       F      G
               +--------+--------+--------+--------+--------+-----+--------+
         Total |    316 |    247 |     69 |      0 |      0 |   2 |  158.0 |
       Dungeon |    316 |    247 |     69 |      0 |      0 |   2 |  158.0 |
               +--------+--------+--------+--------+--------+-----+--------+

Top non-repeatable levels by time:
     D:2: 314 daAuts
     D:1: 2 daAuts
